 Dungeon Crawl Stone Soup version 0.30-a0-743-gbfdf073431 (webtiles) character file.

Game seed: 15721770695949910607

245 NinjaNoafa the Chopper (level 6, 0/52 HPs)
             Began as a Hill Orc Fighter on Feb 5, 2023.
             Was an Initiate of Makhleb.
             Slain by a gnoll
             ... wielding a +0 halberd
              (3 damage)
             ... on level 2 of the Dungeon.
             The game lasted 00:02:55 (1379 turns).

NinjaNoafa the Chopper (Hill Orc Fighter)           Turns: 1379, Time: 00:02:56

Health: 0/52       AC:  8    Str: 21    XL:     6   Next: 10%
Magic:  6/6        EV:  9    Int:  8    God:    Makhleb [......]
Gold:   82         SH:  4    Dex: 10    Spells: 5/5 levels left

rFire   . . .      SeeInvis .    a - +0 war axe
rCold   . . .      Faith    .    c - +0 buckler
rNeg    + . .      Spirit   .    o - +1 scale mail {rN+}
rPois   .          Reflect  .    (no helmet)
rElec   .          Harm     .    (no cloak)
rCorr   .          Rampage  .    (no gloves)
Will    .....                    (no boots) Stlth
                                 (no amulet)
HPRegen 0.28/turn                (no ring)
MPRegen 0.10/turn                (no ring)

@: mighty
A: no striking features
a: Renounce Religion


You were on level 2 of the Dungeon.
You worshipped Makhleb.
Makhleb was noncommittal.
You visited 1 branch of the dungeon, and saw 2 of its levels.

You collected 82 gold pieces.

Inventory:

Hand Weapons
 a - a +0 war axe (weapon)
Missiles
 j - 5 boomerangs (quivered)
Armour
 c - a +0 buckler (worn)
 o - a +1 scale mail of positive energy (worn)
Scrolls
 e - 2 scrolls of butterflies {unknown}
 f - a scroll of immolation {unknown}
 g - a scroll of blinking {unknown}
 h - a scroll of enchant armour {unknown}
 i - 2 scrolls of teleportation {unknown}
 k - a scroll of brand weapon {unknown}
 l - a scroll of fear {unknown}
 n - a scroll of fog {unknown}
Potions
 m - 2 potions of ambrosia {unknown}


   Skills:
 + Level 4.0 Fighting
 - Level 7.5 Axes
 - Level 4.0 Armour
 - Level 3.2 Shields


You had 5 spell levels left.
You didn't know any spells.
Your spell library contained the following spells:

 Spells                   Type           Power      Damage    Failure   Level
 Sublimation of Blood     Necr           0%         N/A       93%         2
 Petrify                  Tmut/Erth      0%         N/A       100%        4
 Irradiate                Conj/Tmut      0%         3d11      100%        5


Dungeon Overview and Level Annotations

Branches:
Dungeon (2/15)

Altars:
Makhleb


Message History

You slash the gnoll!
The gnoll is heavily wounded.
Sigmund the Dreaded comes into view.
He is wielding a +0 scythe.
The gnoll misses you. The gnoll hits you with a +0 whip.
You slash the gnoll!
You kill the gnoll!
Makhleb accepts your kill. Sigmund hits you but does no damage.
Things that are here:
a +0 whip; a gnoll corpse You hit Sigmund.
Sigmund is lightly wounded.
Sigmund gestures at you while chanting. The magic dart hits you!
Sigmund hits you with a +0 scythe.
You hit Sigmund.
Sigmund is moderately wounded.
Sigmund gestures at you while chanting. The puff of flame hits you!
* * * LOW HITPOINT WARNING * * *
You feel very mighty all of a sudden.
The gnoll shouts!
You block Sigmund's attack.
You slash Sigmund!
Sigmund is heavily wounded.
You slice Sigmund!!
You kill Sigmund!
Makhleb accepts your kill.
The gnoll hits you from afar with a +0 halberd!
* * * LOW HITPOINT WARNING * * *
Your Axes skill gained 2 levels and is now at level 7!
You have reached level 5!
You feel stronger.
You have reached level 6!
The gnoll hits you with a +0 halberd.
* * * LOW HITPOINT WARNING * * *
You barely miss the gnoll. The gnoll barely misses you.
You slash the gnoll!
The gnoll is heavily wounded.
The gnoll hits you with a +0 halberd.
You die...

#.# #.###...#.### ..#
#............
..################
.......^..#
.†...............#
.#.####...#
.############.##.####..#.
#....# .# #...........
#.#..# .# #..........#
#.#..# .# #.##g####..
##.#..# .# #.##@# #.....#
.# #.##)# #..##.# .#
#.##)# #..##.# .# #.##..
.####...... .# ###
#...### ..........#
.###.## #.# ###......
.##.#.## #.#
#########...### ..†###.#
#># #..........## #
###.#..# #.# #.########.#


You could see a gnoll.

Vanquished Creatures
  Sigmund (D:2)
  Terence (D:2)
  2 gnolls
  3 dart slugs
  A bat (D:2)
  4 endoplasms
  A giant cockroach (D:1)
  A goblin (D:1)
  4 hobgoblins (D:1)
  2 jackals (D:1)
  5 kobolds
  3 quokkas
  6 ball pythons
  2 frilled lizards
  A rat (D:2)
37 creatures vanquished.

Notes
Turn   | Place    | Note
-------+----------+-------------------------------------------
     0 | D:1      | NinjaNoafa the Hill Orc Fighter began the quest for the
                  | Orb.
     0 | D:1      | Reached XP level 1. HP: 19/19 MP: 1/1
   119 | D:1      | Reached XP level 2. HP: 27/27 MP: 2/2
   348 | D:1      | Reached skill level 3 in Axes
   434 | D:1      | Reached XP level 3. HP: 31/33 MP: 3/3
   857 | D:2      | Found a burning altar of Makhleb.
   990 | D:2      | Noticed Terence
  1001 | D:2      | Killed Terence
  1002 | D:2      | Reached skill level 4 in Axes
  1002 | D:2      | Reached XP level 4. HP: 17/40 MP: 4/4
  1096 | D:2      | Became a worshipper of Makhleb the Destroyer
  1312 | D:2      | Reached skill level 5 in Axes
  1369 | D:2      | Noticed Sigmund
  1376 | D:2      | Killed Sigmund
  1377 | D:2      | Reached skill level 7 in Axes
  1377 | D:2      | Reached XP level 5. HP: 4/46 MP: 5/5
  1377 | D:2      | Reached XP level 6. HP: 5/52 MP: 6/6
  1379 | D:2      | Slain by a gnoll

Illustrated notes

Levels and vault maps discovered:
D:1:      scummos_arrival_simple_crosswalls, layout_basic
D:2:      layout_loops_ring, basic_altar, uniq_sigmund, uniq_terence

Skill      XL: |  1  2  3  4 |
---------------+-------------+-----
Fighting       | 4 |  4.0
Armour         | 4 |  4.0
Axes           | 3 4 7 |  7.5
Shields        | |  3.2

Action                     |  1- 3 |  4- 6 || total
---------------------------+-------+-------++-------
  Melee: War axe           |    62 |    23 ||    85
    Use: Potion            |       |     1 ||     1
 Armour: Scale mail        |    16 |     7 ||    23
  Dodge: Dodged            |    25 |    13 ||    38
  Block: Buckler           |    11 |     4 ||    15

Table legend: (Time is in decaauts)
 A = Elapsed time spent in this place.
 B = Non-inter-level travel time spent in this place.
 C = Inter-level travel time spent in this place.
 D = Time resting spent in this place.
 E = Time spent auto-exploring this place.
 F = Levels seen in this place.
 G = Mean time per level.
                   A        B        C        D        E       F      G
               +--------+--------+--------+--------+--------+-----+--------+
         Total |   1408 |   1304 |    104 |      0 |    990 |   2 |  704.0 |
       Dungeon |   1408 |   1304 |    104 |      0 |    990 |   2 |  704.0 |
               +--------+--------+--------+--------+--------+-----+--------+

Top non-repeatable levels by time:
     D:1: 845 daAuts
     D:2: 563 daAuts
